 Dungeon Crawl Stone Soup version 0.30-a0-393-g54b8e3be05 (webtiles) character file.

Game seed: 2383548395306741010

107 zishaf the Gusty (level 4, -5/26 HPs)
             Began as a Tengu Air Elementalist on Dec 5, 2022.
             Slain by an iguana (13 damage)
             ... on level 4 of the Dungeon.
             The game lasted 00:03:05 (2518 turns).

zishaf the Gusty (Tengu Air Elementalist)           Turns: 2518, Time: 00:03:05

Health: -5/26      AC:  2    Str:  8    XL:     4   Next: 85%
Magic:  6/8        EV: 12    Int: 17    God:
Gold:   127        SH:  0    Dex: 15    Spells: 0/7 levels left

rFire   + . .      SeeInvis .    m - +4 short sword "Nikhluri" {drain, Stlth+}
rCold   . . .      Faith    .    (no shield)
rNeg    . . .      Spirit   .    a - +0 robe
rPois   .          Reflect  .    (helmet restricted)
rElec   .          Harm     .    (no cloak)
rCorr   .          Rampage  .    (no gloves)
Will    +....                    (boots unavailable)
Stlth   +++.......               l - amulet of magic regeneration
HPRegen 0.24/turn                f - ring of protection from fire
MPRegen 0.51/turn                o - ring of willpower

@: no status effects
A: beak, talons 3
a: no special abilities


You were on level 4 of the Dungeon.
You visited 1 branch of the dungeon, and saw 4 of its levels.

You collected 127 gold pieces.

Inventory:

Hand Weapons
 m - the +4 short sword "Nikhluri" (weapon) {drain, Stlth+}
   (You found it on level 2 of the Dungeon)

   A truly terrible weapon, it drains the life of any living foe it strikes.
   Stlth:     It makes you more stealthy.
Armour
 a - a +0 robe (worn)
Jewellery
 f - a ring of protection from fire (left hand)
 l - an amulet of magic regeneration (around neck)
 o - a ring of willpower (right hand)
 s - a ring of willpower
Scrolls
 c - 2 scrolls of noise {unknown}
 d - a scroll of fog {unknown}
 e - 6 scrolls of identify {unknown}
 g - a scroll of blinking {unknown}
 i - a scroll of teleportation {unknown}
 k - 2 scrolls of magic mapping {unknown}
 n - 2 scrolls of enchant weapon {unknown}
 p - a scroll of vulnerability {unknown}
 r - a scroll of enchant armour {unknown}
Potions
 b - a potion of magic
 h - a potion of haste {unknown}
 j - a potion of ambrosia {unknown}
 q - a potion of heal wounds {unknown}
 t - a potion of lignification {unknown}
 u - a potion of might {unknown}
 v - a potion of invisibility {unknown}


   Skills:
 + Level 2.3 Fighting
 - Level 2.1 Dodging
 - Level 2.0 Stealth
 - Level 2.0 Spellcasting
 + Level 3.5 Conjurations
 + Level 5.2 Air Magic


You couldn't memorise any spells.
You knew the following spells:

 Your Spells              Type           Power      Damage    Failure   Level
a - Shock                 Conj/Air       64%        1d7       3%          1
b - Airstrike             Air            9%         2d(2-18)  22%         4
A - Static Discharge      Conj/Air       32%        2-4/arc   4%          2

Your spell library contained the following spells:

 Spells                   Type           Power      Damage    Failure   Level
 Swiftness                Air            19%        N/A       7%          3


Dungeon Overview and Level Annotations

Branches:
Dungeon (4/15)
 Temple: D:4-7

Altars:


Innate Abilities, Weirdness & Mutations

You have a beak for a mouth.
You have claws for feet.


Message History

You feel sick.
You feel sick.
You feel sick.
You feel sick.
You feel sick.
You feel sick.
You are no longer poisoned.
v - a pink potion
There is a stone staircase leading up, spattered with blood here.
You see here an adder corpse.
An ufetubus comes into view.
An ufetubus is nearby!
No target in view!
No target in view!
No target in view!
An iguana comes into view.
The iguana hisses angrily.
The iguana moves out of view.
An orc wizard comes into view. It is wielding a +2 dagger of flaming.
Found 2 poisoned darts.
There is an open door here.
The ufetubus shouts!
You hit the iguana but do no damage. The iguana bites you!
The ufetubus hits you. The ufetubus closely misses you.
You are too injured to fight recklessly!
The ufetubus attacks as you move away! The ufetubus hits you.
The ufetubus barely misses you.
There is an open door here.
Casting: Shock (safe; 3% risk of failure)
Confirm with . or Enter, or press ? or * to list all spells.
The ufetubus is struck by an arc of lightning.
The ufetubus is heavily wounded.
The orc wizard is struck by an arc of lightning.
The orc wizard is moderately wounded.
The lightning grounds out.
The ufetubus closely misses you. The ufetubus hits you.
* * * LOW HITPOINT WARNING * * *
The iguana bites you!
Ouch! That really hurt!
You die...

.# .# .# .# .#
########.#
#...o5@..#
#.#(...l#.##
####.#######..#
###..... #...#
#.....#..##
##..##
#.#.#.#...#+#...#
#.......#.......#
#.#.#.........###
#...........###


You could see an iguana, an orc wizard and an ufetubus.

Vanquished Creatures
  3 gnolls (D:2)
  An adder (D:4)
  2 worms
  2 dart slugs
  4 bats
  6 endoplasms
  7 giant cockroaches
  7 goblins
  6 hobgoblins
  8 kobolds
  5 ball pythons
  A frilled lizard (D:2)
  2 rats (D:1)
54 creatures vanquished.

Notes
Turn   | Place    | Note
-------+----------+-------------------------------------------
     0 | D:1      | zishaf the Tengu Air Elementalist began the quest for the
                  | Orb.
     0 | D:1      | Reached XP level 1. HP: 10/10 MP: 4/4
   113 | D:1      | Reached XP level 2. HP: 16/16 MP: 1/6
   116 | D:1      | Learned a level 2 spell: Static Discharge
   248 | D:1      | Reached skill level 1 in Fighting
   714 | D:1      | Reached XP level 3. HP: 20/20 MP: 1/7
  1306 | D:2      | Reached XP level 4. HP: 26/26 MP: 0/8
  1334 | D:2      | Reached skill level 5 in Air Magic
  1768 | D:2      | Identified the +4 short sword "Nikhluri" {drain, Stlth+}
  1973 | D:3      | Learned a level 4 spell: Airstrike
  2518 | D:4      | Slain by an iguana

Illustrated notes

Levels and vault maps discovered:
D:1:      lightli_molten_gateway, layout_rooms, minmay_misc_feat_five
D:2:      layout_loops_ring
D:3:      layout_basic, minmay_misc_feat_cross, corexii_item_surrounded_by_moat
D:4:      nicolae_cairo_tiling_large, layout_cave_pods, lemuel_crystal_altar,
          mainiacjoe_overflow_alcove_4,
          mainiacjoe_overflow_concentric_impassable, serial_glass,
          glass_columns_b, glass_columns_c, glass_columns_c, glass_columns_b,
          glass_columns_a, glass_columns_a, glass_columns_a, glass_columns_a,
          glass_columns_a, glass_columns_a, serial_shops, shop,
          minmay_hedge_maze, minmay_fountain_box, minmay_divided_ellipse

Skill      XL: |  1  2  3  4 |
---------------+-------------+-----
Conjurations   | 2 3 |  3.5
Fighting       | 1 2 |  2.3
Air Magic      | 5 |  5.2
Dodging        | |  2.1
Stealth        | |  2.0
Spellcasting   | |  2.0

Action                   |  1- 3 |  4- 6 || total
-------------------------+-------+-------++-------
Melee: Unarmed           |     3 |       ||     3
       Kick              |     7 |     4 ||    11
       Peck              |     3 |     1 ||     4
       Short sword       |    20 |    10 ||    30
       Punch             |     1 |       ||     1
 Cast: Shock             |    78 |    26 ||   104
       Static Discharge  |       |     1 ||     1
Armor: Robe              |     8 |     2 ||    10
Dodge: Dodged            |    18 |    12 ||    30

Table legend: (Time is in decaauts)
 A = Elapsed time spent in this place.
 B = Non-inter-level travel time spent in this place.
 C = Inter-level travel time spent in this place.
 D = Time resting spent in this place.
 E = Time spent auto-exploring this place.
 F = Levels seen in this place.
 G = Mean time per level.
                   A        B        C        D        E       F      G
               +--------+--------+--------+--------+--------+-----+--------+
         Total |   2516 |   2479 |     37 |    103 |   2026 |   4 |  629.0 |
       Dungeon |   2516 |   2479 |     37 |    103 |   2026 |   4 |  629.0 |
               +--------+--------+--------+--------+--------+-----+--------+

Top non-repeatable levels by time:
     D:2: 978 daAuts
     D:1: 944 daAuts
     D:3: 457 daAuts
     D:4: 135 daAuts
